 Dungeon Crawl Stone Soup version 0.16.0-18-g484a79e (console) character file.

6 gw the Firebug (level 1, -1/10 HPs)
             Began as a Deep Elf Fire Elementalist on Mar 22, 2015.
             Slain by a jackal (2 damage)
             ... on level 1 of the Dungeon.
             The game lasted 00:00:16 (160 turns).

gw the Firebug (Deep Elf Fire Elementalist)          Turns: 160, Time: 00:00:16

Health: -1/10      AC:  3    Str:  5    XL:     1   Next: 75%
Magic:  0/5        EV: 13    Int: 19    God:
Gold:   7          SH:  0    Dex: 15    Spells: 1 memorised, 5 levels left

rFire  . . .     SeeInvis .     a - +0 club
rCold  . . .     Clarity  .     f - +0 robe
rNeg   . . .     SustAb   .     (no shield)
rPois  .         Gourm    .     e - +0 helmet
rElec  .         Spirit   .     (no cloak)
rCorr  .         Warding  .     (no gloves)
rMut   .         Stasis   .     (no boots)
MR     .....                    (no amulet)
Stlth  ++........               (no ring)
                                (no ring)

@: not resistant to hostile enchantments, unstealthy
A: no striking features
a: no special abilities


You were on level 1 of the Dungeon.
You were not hungry.

You visited 1 branch of the dungeon, and saw 1 of its levels.

You collected 7 gold pieces.

Inventory:

Hand weapons
 a - a +0 club (weapon)
Armour
 e - a +0 helmet (worn)
 f - a +0 robe (worn)
Scrolls
 d - a scroll of remove curse {unknown}
Books
 b - a book of Flames

   Spells                             Type                      Level
   a - Flame Tongue                   Conjuration/Fire             1
   b - Throw Flame                    Conjuration/Fire             2
   c - Conjure Flame                  Conjuration/Fire             3
   d - Inner Flame                    Hexes/Fire                   3
   e - Sticky Flame                   Conjuration/Fire             4
   f - Fireball                       Conjuration/Fire             5
Comestibles
 c - a bread ration
 g - a beef jerky


   Skills:
 + Level 0.0 Fighting
 + Level 0.4 Armour
 - Level 2.4 Dodging
 - Level 2.4 Stealth
 * Level 3.3 Spellcasting
 - Level 1.1 Conjurations
 + Level 3.4 Fire Magic


You had 5 spell levels left.
You knew the following spells:

 Your Spells              Type           Power        Failure   Level  Hunger
a - Flame Tongue          Conj/Fire      ##...        8%          1    None


Dungeon Overview and Level Annotations

Branches:
Dungeon (1/15)

Altars:


Message History

Unknown command.
Unknown command.
Unknown command.
Unknown command.
ATTACKING (0,1)
You closely miss the jackal. The jackal barely misses you.
Unknown command.
Unknown command.
Unknown command.
Unknown command.
ATTACKING (0,1)
You closely miss the jackal. The jackal barely misses you.
The jackal barely misses you.
Unknown command.
Unknown command.
Unknown command.
Unknown command.
ATTACKING (0,1)
You closely miss the jackal. The jackal barely misses you.
The jackal bites you.
You die...

##.######.
#..).......
#..#####..
#..# #..#
#..# #..#
##.# #e#
#h# #.$.#
#.#...#
##...##
#.(# ....
...# ...#


You could see a jackal.

Table legend:
 A = Turns spent in this place as a percentage of turns spent in the entire game.
 B = Non-inter-level travel turns spent in this place as a percentage of non-inter-level travel turns spent in the entire game.
 C = Inter-level travel turns spent in this place as a percentage of turns spent in this place.
 D = Turns resting spent in this place as a percentage of non-inter-level travel turns spent in this place.
 E = Turns spent auto-exploring this place as a percentage of non-inter-level travel turns spent in this place.
 F = Non-inter-level travel turns spent in this place divided by the number of levels of this place that you've seen.
                   A       B       C       D       E      F
               +-------+-------+-------+-------+-------+----------------------
         Total | 100.0 | 100.0 |   0.0 |   1.0 |   2.9 | 384.0
       Dungeon | 100.0 | 100.0 |   0.0 |   1.0 |   2.9 | 384.0
               +-------+-------+-------+-------+-------+----------------------

Table legend:
 A = Kills in this place as a percentage of kills in entire the game.
 B = Kills by you in this place as a percentage of kills by you in the entire game.
 C = Kills by friends in this place as a percentage of kills by friends in the entire game.
 D = Other kills in this place as a percentage of other kills in the entire game.
 E = Experience gained in this place as a percentage of experience gained in the entire game.
 F = Experience gained in this place divided by the number of levels of this place that you have seen.
                   A       B       C       D       E      F
               +-------+-------+-------+-------+-------+----------------------
         Total | 100.0 | 100.0 |  -nan |  -nan | 100.0 |   9.0
       Dungeon | 100.0 | 100.0 |  -nan |  -nan | 100.0 |   9.0
               +-------+-------+-------+-------+-------+----------------------

Vanquished Creatures
  3 hobgoblins (D:1)
  A jackal (D:1)
  A rat (D:1)
5 creatures vanquished.

Notes
Turn   | Place    | Note
--------------------------------------------------------------
     0 | D:1      | gw, the Deep Elf Fire Elementalist, began the quest for the Orb.
     0 | D:1      | Reached XP level 1. HP: 10/10 MP: 5/5
   160 | D:1      | Slain by a jackal

Action                   || total
-------------------------++-------
Melee: Club              ||     7
 Cast: Flame Tongue      ||    11

Vault maps used:
D:1:      minmay_arrival_jagged
